Unix NetHack Version 3.7.0-58 Work-in-progress - last build May 9 2022 11:58:29 (68cf6e19034123fb635188453c0de67a0aba65fd,branch:master). Game began 2022-05-15 10:04:03, ended 2022-05-15 10:31:40. Hill, neutral male gnomish Healer ... -@d --. r Hill the Rhizotomist St:10 Dx:10 Co:13 In:9 Wi:16 Ch:17 Neutral S:819 Dlvl:10 $:1988 HP:0(17) Pw:13(13) AC:8 Xp:2/39 T:1438 Latest messages: The little dog misses the cave spider. The cave spider bites! The little dog misses the cave spider. The cave spider bites! The little dog bites the cave spider. The cave spider is killed! The little dog bites the hobbit. The hobbit is killed! You hear crashing rock. You see here a potion of extra healing. u - a potion of extra healing. The fox is hit by a rock! The fox is killed! There is a falling rock trap here. You see here a rock. You escape a falling rock trap. The little dog is hit by a rock! The little dog picks up a rock. You hear crashing rock. Pick an object. The little dog drops a rock. The little dog picks up a rock. The little dog drops a rock. You swap places with your little dog. You see here a rock. I - a rock. You swap places with your little dog. In what direction? j You swap places with your little dog. There is a branch staircase up to the Dungeons of Doom here. You see here a rock. I - a rock. Pick an object. Suddenly, the lichen disappears out of sight. You escape a hole. The little dog misses the little dog. The little dog misses the little dog. The little dog bites the little dog. The little dog bites the little dog. The little dog misses the little dog. The little dog misses the little dog. The little dog bites the little dog. The little dog bites the little dog. You fall down a very deep shaft! You die... Do you want your possessions identified? [ynq] (y) y Do you want to see your attributes? [ynq] (y) y Do you want an account of creatures vanquished? [ynaq] (y) y Do you want to see your conduct and achievements? [ynq] (y) y Do you want to see the dungeon overview? [ynq] (y) y Major events: Turn 1: Hill the neutral male gnomish Healer entered the dungeon 1287: entered the Gnomish Mines 1438: killed by falling down a mine shaft Inventory: Coins $ - 1988 gold pieces Weapons n - a +0 arrow H - a +0 elven dagger a - a +0 scalpel (alternate weapon; not wielded) E - a +1 silver dagger (weapon in hand) Armor b - an uncursed +1 pair of leather gloves (being worn) Comestibles j - 6 uncursed apples t - an uncursed food ration m - 3 uncursed lichen corpses Scrolls F - a blessed scroll of remove curse Spellbooks G - an uncursed spellbook of create monster Potions e - 4 uncursed potions of extra healing u - 2 uncursed potions of extra healing d - 4 uncursed potions of healing D - an uncursed potion of see invisible Wands f - a wand of sleep (0:4) Tools s - an uncursed stethoscope Gems/Stones z - an uncursed worthless piece of orange glass p - an uncursed worthless piece of red glass q - an uncursed worthless piece of violet glass I - 2 uncursed rocks Hill the Healer's attributes: Background: You were a Rhizotomist, a level 2 male gnomish Healer. You were neutral, nominally on a mission for Hermes who was opposed by Athena (lawful) and Poseidon (chaotic). You were in the Gnomish Mines, on level 10. You entered the dungeon 1438 turns ago. There was a full moon in effect when your adventure ended. You had 39 experience points, 1 more was needed to attain level 3. Your score was 819 before end-of-game adjustments. Basics: You had 0 out of 17 hit points. You had all 13 energy points (spell power). Your armor class was 8. Your wallet contained 1988 zorkmids. Autopickup was off. Final Characteristics: Your strength was 10 (limit:18/50). Your dexterity was 10 (limit:18). Your constitution was 13 (limit:18). Your intelligence was 9 (limit:19). Your wisdom was 16 (limit:18). Your charisma was 17 (limit:18). Final Status: You were not hungry. You were unencumbered. You were wielding a dagger. You were unskilled in dagger. Final Attributes: You were devoutly aligned. You were poison resistant. You had infravision. You were lucky. You are dead. Miscellaneous: You never encountered a bones level. Total elapsed playing time was 27 minutes and 36 seconds. Vanquished creatures: a shrieker a coyote 2 hobbits a cave spider a gnome zombie a gecko a jackal a fox a goblin 2 grid bugs 6 lichens 8 newts 26 creatures vanquished. No species were genocided or became extinct. Voluntary challenges: You were an atheist. You read items or engraved 1 time. You never engraved Elbereth. You never genocided any monsters. You never polymorphed an object. You never changed form. You used no wishes. Achievements: You entered a shop. You entered the Gnomish Mines. The Dungeons of Doom: levels 1 to 4 Level 1: "bars" Some fountains. Level 2: A general store, a fountain. Level 3: A weapon shop. Level 4: A fountain. Stairs down to The Gnomish Mines. The Gnomish Mines: levels 5 to 10 Level 5: Level 10: <- You were here. Final resting place for you, killed by falling down a mine shaft. Game over: ---------- / \ / REST \ / IN \ / PEACE \ / \ | Hill | | 1988 Au | | killed by | | falling down a | | mine shaft | | | | 2022 | *| * * * | * _________)/\\_//(\/(/\)/\//\/|_)_______ Goodbye Hill the Healer... You died in The Gnomish Mines on dungeon level 10 with 798 points, and 1988 pieces of gold, after 1438 moves. You were level 2 with a maximum of 17 hit points when you died.